 Dungeon Crawl Stone Soup version 0.13.0-17-g5f0e85f (webtiles) character file.

1364 MDvedh the Cudgeler (level 8, -1/58 HPs)
             Began as a Demonspawn Abyssal Knight on Oct 21, 2013.
             Was a High Priest of Lugonu.
             Slain by an ice beast (14 damage)
             ... on Level 6 of the Dungeon.
             The game lasted 00:19:00 (6470 turns).

MDvedh the Cudgeler (Demonspawn Abyssal Knight)     Turns: 6470, Time: 00:19:01

HP  -1/58        AC 13     Str 15      XL: 8   Next: 26%
MP  16/16        EV 10     Int 13      God: Lugonu [*****.]
Gold 112         SH  0     Dex 18      Spells:  0 memorised,  7 levels left

Res.Fire  : + . .   See Invis. : .   E - +1,+3 crossbow "Tormentor" {flame, rF+}
Res.Cold  : . . .   Warding    : .   z - +3 orc ring mail
Life Prot.: . . .   Conserve   : .   (no shield)
Res.Poison: .       Res.Corr.  : .   r - +0 crested helmet
Res.Elec. : .       Clarity    : .   u - +1 cloak
Sust.Abil.: . .     Spirit.Shd : .   (no gloves)
Res.Mut.  : .       Stasis     : .   x - +0 pair of boots
Res.Rott. : .       Flight     : .   (no amulet)
Saprovore : . . .                    w - +4,+4 ring of slaying {unknown}
                                     h - +3 ring of dexterity

@: slightly resistant to hostile enchantments, unstealthy
A: hooves 1, spiny 1, Dex +2
a: Depart the Abyss, Bend Space, Banish, Corrupt, Enter the Abyss, Renounce
Religion


You were on level 6 of the Dungeon.
You worshipped Lugonu.
Lugonu was extremely pleased with you.
You were not hungry.

You visited 1 branch of the dungeon, and saw 6 of its levels.
You visited the Abyss 1 time.

You collected 316 gold pieces.
You spent 224 gold pieces at shops.

Inventory:

Hand weapons
 a - a +2,+2 mace
 i - a +0,+0 whip
 n - a +1,+3 whip of draining
 E - the cursed +1,+3 crossbow "Tormentor" (weapon) {flame, rF+}
   (You found it on level 6 of the Dungeon)

   It turns projectiles fired from it into bolts of flame.
   It protects you from fire.
   It has a curse placed upon it.
Armour
 k - a +2 ring mail of fire resistance
 r - a +0 crested helmet (worn)
 u - a +1 cloak (worn)
 x - a +0 pair of boots (worn)
 z - a +3 orcish ring mail (worn)
Magical devices
 f - a wand of slowing (11)
 p - a wand of slowing (0)
 A - a wand of frost (11)
Comestibles
 c - 3 bread rations
 B - a meat ration
 F - a lemon
 G - 2 chunks of orc flesh
Scrolls
 b - a scroll of amnesia {unknown}
 d - a scroll of enchant armour {unknown}
 e - a scroll of blinking
 s - a scroll of teleportation
 t - a scroll of curse jewellery
 v - a scroll of enchant weapon II
 y - a scroll of fear
 D - a scroll of random uselessness {unknown}
Jewellery
 h - a +3 ring of dexterity (left hand)
 w - a +4,+4 ring of slaying (right hand) {unknown}
Potions
 g - a potion of agility {unknown}
 j - a potion of restore abilities {unknown}
 l - 2 potions of brilliance {unknown}
 m - a potion of might {unknown}
 o - 4 potions of heal wounds
 q - 2 potions of curing
 C - a potion of speed {unknown}


   Skills:
 - Level 3.0 Fighting
 + Level 6.8 Maces & Flails
 - Level 3.7 Armour
 + Level 3.4 Dodging
 - Level 6.2 Invocations


You had 7 spell levels left.
You didn't know any spells.

Dungeon Overview and Level Annotations

Branches:
Dungeon (6/27)
 Temple: D:4-7          Orc: D:6-11

Altars:
Elyvilon
Nemelex Xobeh

Shops:
D:6 [[[[

Annotations:
Abyss:1 Prince Ribbit


Innate Abilities, Weirdness & Mutations

You have large cloven feet.
You have a somewhat thin skeletal structure (Dex +2, Stlth).
You are partially covered in sharp spines.


Message History

You kick the ice beast.
The ice beast is severely wounded.
The ice beast hits you but does no damage.
You clumsily bash the ice beast but do no damage.
The ice beast is severely wounded.
The ice beast hits you but does no damage.
You clumsily bash the ice beast.
The ice beast is severely wounded.
The ice beast hits you but does no damage.
You clumsily bash the ice beast but do no damage.
The ice beast is severely wounded.
The ice beast barely misses you.
You closely miss the ice beast. Your kick misses the ice beast.
The ice beast is severely wounded.
The ice beast hits you. The ice beast freezes you!
* * * LOW HITPOINT WARNING * * *
The ice beast hits you.
* * * LOW HITPOINT WARNING * * *
The ice beast freezes you!
You die...

.^ #################.^^
##.......(............
##...................... ...
#..............................
..........).....................
......................?..........
................@I..$...........8
................................#
................................#
................................#
................................#
..... .................)........#
.... .........................#
... ........................# ...
......................


You could see an ice beast.

Vanquished Creatures
  2 ogres (D:5)
  A centaur (D:6)
  A giant frog (D:6)
  4 wights (D:6)
  An orc warrior (D:6)
  A crimson imp (D:5)
  The ghost of 4tharraofdagon the Magician, a weakling DEWz (D:4)
  2 jellies (D:5)
  A hound (D:6)
  An orc priest (D:3)
  2 orc wizards (D:3)
  A killer bee zombie (D:5)
  A goliath beetle (D:6)
  4 worker ants
  An ogre skeleton (D:4)
  7 adders
  7 gnolls
  A giant mite (D:1)
  Ijyb (D:6)
  4 worms
  An iguana skeleton (D:5)
  2 giant eyeballs
  2 giant geckos
  3 oozes
  21 orcs
  Terence (D:2)
  8 bats
  A bat zombie (D:5)
  9 giant cockroaches
  7 goblins
  12 hobgoblins
  12 jackals
  4 quokkas
  4 giant newts
  10 kobolds
  18 rats
159 creatures vanquished.

Vanquished Creatures (others)
  A hobgoblin (D:6)
1 creature vanquished.

Grand Total: 160 creatures vanquished

Notes
Turn   | Place    | Note
--------------------------------------------------------------
     0 | Abyss:1  | MDvedh, the Demonspawn Abyssal Knight, began the quest for the Orb.
     0 | Abyss:1  | Reached XP level 1. HP: 16/16 MP: 1/1
    17 | D:1      | Escaped the Abyss
   126 | D:1      | Gained mutation: You have large cloven feet. [demonic ancestry]
   126 | D:1      | Reached XP level 2. HP: 13/22 MP: 2/2
   278 | D:1      | Acquired Lugonu's second power
   819 | D:2      | Gained mutation: You have a somewhat thin skeletal structure (Dex +2, Stlth). [demonic ancestry]
   819 | D:2      | Reached XP level 3. HP: 12/28 MP: 4/4
  1168 | D:2      | Noticed Terence
  1180 | D:2      | Killed Terence
  1352 | D:2      | Reached XP level 4. HP: 34/34 MP: 5/5
  1582 | D:2      | Reached skill level 4 in Maces & Flails
  2238 | D:3      | Found a sparkling altar of Nemelex Xobeh.
  2294 | D:3      | Acquired Lugonu's third power
  2502 | D:3      | Gained mutation: You are partially covered in sharp spines. [demonic ancestry]
  2502 | D:3      | Reached XP level 5. HP: 35/39 MP: 7/7
  3031 | D:3      | Reached skill level 5 in Maces & Flails
  3493 | D:3      | Acquired Lugonu's fourth power
  3862 | D:4      | Noticed 4tharraofdagon's ghost (weakling DEWz)
  3881 | D:4      | Killed 4tharraofdagon's ghost
  3881 | D:4      | Reached XP level 6. HP: 28/46 MP: 8/8
  4193 | D:4      | Reached skill level 6 in Maces & Flails
  4514 | D:5      | Entered Level 5 of the Dungeon
  4528 | D:5      | Acquired Lugonu's fifth power
  4682 | D:5      | Noticed Prince Ribbit
  4690 | D:5      | Banished Prince Ribbit
  4690 | D:5      | Reached XP level 7. HP: 4/51 MP: 9/11
  5107 | D:5      | Paralysed by a giant eyeball for 3 turns
  5176 | D:5      | Found a white marble altar of Elyvilon.
  5345 | D:5      | Reached skill level 5 in Invocations
  5455 | D:6      | Found Prolym's Antique Armour Emporium.
  5488 | D:6      | Bought a slimy leather armour for 224 gold pieces
  5500 | D:6      | Identified the cursed +0 leather armour of Okawaru's Favour {MR++} (You bought it in a shop on level 6 of the Dungeon)
  5542 | D:5      | Reached skill level 1 in Dodging
  5786 | D:6      | Found Pusan's Armour Boutique.
  5822 | D:6      | Found Iluit's Antique Armour Shop.
  5863 | D:6      | Paralysed by a giant eyeball for 3 turns
  6007 | D:6      | Noticed Ijyb
  6019 | D:6      | Killed Ijyb
  6028 | D:6      | Reached XP level 8. HP: 37/58 MP: 16/16
  6344 | D:6      | Got a faintly glowing crossbow
  6345 | D:6      | Identified the cursed crossbow "Tormentor" {flame, rF+} (You found it on level 6 of the Dungeon)
  6427 | D:6      | Found Xis Itaf's Armour Shoppe.
  6470 | D:6      | Slain by an ice beast

Action                   |  1- 3 |  4- 6 |  7- 9 || total
-------------------------+-------+-------+-------++-------
Melee: Mace              |    60 |     4 |       ||    64
       Whip              |    40 |   262 |   122 ||   424
       Crossbow          |       |       |    23 ||    23
Throw: Dart              |     4 |       |       ||     4
Invok: Banish            |       |       |     1 ||     1
  Use: Potion            |       |     2 |     1 ||     3
       Scroll            |       |    11 |     4 ||    15
